TOP OF THE 1ST |
Pennsylvania State University Nittany Lions batting - Pitching for Wichita State University Shockers : RHP Elias Aguilar
|
Pitching: RHP Elias Aguilar
|
|
Batting: RHB James Steinmetz
|
0-0: Ball 1-0: SOLO HOME RUN (Flyball, 7D, EV 101.2 MPH), Distance : 416 ft
|
Batting: RHB Pete Martin
|
0-0: Ball 1-0: Foul Ball, location: 2F 1-1: Ball 2-1: Swinging Strike 2-2: Ball 3-2: Strikes out swinging
|
Batting: RHB Rob Hinojosa
|
0-0: Fly out, F8 (Line Drive, 8LD, EV 90.6 MPH)
|
Batting: RHB Victor Victorino
|
0-0: Ball 1-0: Ball 2-0: Ball 3-0: Called Strike 3-1: Called Strike 3-2: Base on Balls
|
Batting: RHB Guy Jock
|
0-0: Swinging Strike 0-1: Ball 1-1: SINGLE (Groundball, 6D, EV 108.1 MPH) Victor Victorino to second
|
Batting: RHB Kevin Claus
|
0-0: SINGLE (Groundball, 6MD, EV 101.9 MPH) Victor Victorino to third Guy Jock to second
|
Batting: RHB Jesse Bandt
|
0-0: Ball 1-0: Ball 2-0: Ball Wild Pitch! Victor Victorino scores Guy Jock to third Kevin Claus to second 3-0: Called Strike 3-1: Called Strike 3-2: Foul Ball, location: 2F 3-2: Base on Balls
|
Batting: RHB Perry Brantley
|
0-0: Foul Ball, location: 2F 0-1: Foul Ball, location: 2F 0-2: Ball 1-2: Foul Ball, location: 2F 1-2: Strikes out swinging
|
Top of the 1st over - 2 runs, 3 hits, 0 errors, 3 left on base; Pennsylvania State University 2 - Wichita State University 0 |
BOTTOM OF THE 1ST |
Wichita State University Shockers batting - Pitching for Pennsylvania State University Nittany Lions : RHP Ryan Crawford
|
Pitching: RHP Ryan Crawford
|
|
Batting: RHB Alex Zeledon
|
0-0: Called Strike 0-1: Swinging Strike 0-2: Strikes out looking
|
Batting: RHB Byron Whitehead
|
0-0: Called Strike 0-1: Ball 1-1: Foul Ball, location: 2F 1-2: Strikes out swinging
|
Batting: LHB Carlos Flores
|
0-0: Ball 1-0: Ball 2-0: Called Strike 2-1: Fly out, F7 (Flyball, 7LS, EV 88.8 MPH)
|
Bottom of the 1st over - 0 runs, 0 hits, 0 errors, 0 left on base; Pennsylvania State University 2 - Wichita State University 0 |
TOP OF THE 2ND |
Pennsylvania State University Nittany Lions batting - Pitching for Wichita State University Shockers : RHP Elias Aguilar
|
Batting: LHB Dan Lape
|
0-0: Swinging Strike 0-1: Foul Ball, location: 2F 0-2: Fly out, F8 (Flyball, 8RM, EV 86.2 MPH)
|
Batting: RHB James Steinmetz
|
0-0: Called Strike 0-1: Called Strike 0-2: Ball 1-2: Ball 2-2: Foul Ball, location: 2F 2-2: Foul Ball, location: 2F 2-2: Ball 3-2: Strikes out swinging
|
Batting: RHB Pete Martin
|
0-0: Ball 1-0: Foul Ball, location: 2F 1-1: DOUBLE (Line Drive, 78M, EV 103.1 MPH)
|
Batting: RHB Rob Hinojosa
|
0-0: Ball 1-0: Ball 2-0: Called Strike 2-1: Foul Ball, location: 2F 2-2: SINGLE (Line Drive, 8RS, EV 101.9 MPH) Pete Martin to third Runner from 3rd tries for Home, SAFE, throw by CF to home
|
Batting: RHB Victor Victorino
|
0-0: Called Strike 0-1: Ball 1-1: Ball 2-1: Fly out, F9 (Flyball, 9, EV 84.4 MPH)
|
Top of the 2nd over - 1 run, 2 hits, 0 errors, 1 left on base; Pennsylvania State University 3 - Wichita State University 0 |
BOTTOM OF THE 2ND |
Wichita State University Shockers batting - Pitching for Pennsylvania State University Nittany Lions : RHP Ryan Crawford
|
Batting: RHB Jason Adelstein
|
0-0: Ball 1-0: Ball 2-0: Foul Ball, location: 2F 2-1: Foul Ball, location: 2F 2-2: Strikes out swinging
|
Batting: LHB Troy Davies
|
0-0: Foul Ball, location: 2F 0-1: Foul Ball, location: 2F 0-2: Strikes out swinging
|
Batting: LHB Kyle Lee
|
0-0: Called Strike 0-1: Foul Ball, location: 2F 0-2: Ball 1-2: Foul Ball, location: 2F 1-2: Strikes out swinging
|
Bottom of the 2nd over - 0 runs, 0 hits, 0 errors, 0 left on base; Pennsylvania State University 3 - Wichita State University 0 |
TOP OF THE 3RD |
Pennsylvania State University Nittany Lions batting - Pitching for Wichita State University Shockers : RHP Elias Aguilar
|
Pitching: LHP John Schroeder
|
|
Batting: RHB Guy Jock
|
0-0: Ball 1-0: Fly out, F9 (Line Drive, 9S, EV 111.2 MPH)
|
Batting: RHB Kevin Claus
|
0-0: Called Strike 0-1: Ball 1-1: Ball 2-1: Foul Ball, location: 2F 2-2: Strikes out swinging
|
Batting: RHB Jesse Bandt
|
0-0: Ball 1-0: Foul Ball, location: 2F 1-1: Foul Ball, location: 2F 1-2: Foul Ball, location: 2F 1-2: Fly out, F7 (Line Drive, 78M, EV 95.0 MPH)
|
Top of the 3rd over - 0 runs, 0 hits, 0 errors, 0 left on base; Pennsylvania State University 3 - Wichita State University 0 |
BOTTOM OF THE 3RD |
Wichita State University Shockers batting - Pitching for Pennsylvania State University Nittany Lions : RHP Ryan Crawford
|
Batting: RHB Jeff Grant
|
0-0: Fly out, F9 (Flyball, 89D, EV 90.6 MPH)
|
Batting: SHB Mike Chafe
|
0-0: Foul Ball, location: 2F 0-1: Foul Ball, location: 2F 0-2: SINGLE (Groundball, 34, EV 105.6 MPH)
|
Batting: RHB Jordan Carr
|
Pickoff Throw to First - Out! 1-3 0-0: Ball 1-0: Foul Ball, location: 2F 1-1: Foul Ball, location: 2F 1-2: Ground out 1-3 (Groundball, P, EV 64.4 MPH)
|
Bottom of the 3rd over - 0 runs, 1 hit, 0 errors, 0 left on base; Pennsylvania State University 3 - Wichita State University 0 |
TOP OF THE 4TH |
Pennsylvania State University Nittany Lions batting - Pitching for Wichita State University Shockers : LHP John Schroeder
|
Pitching: LHP Éric Duval
|
|
Batting: RHB Perry Brantley
|
0-0: Ball 1-0: Called Strike 1-1: Swinging Strike 1-2: Ball 2-2: Ball 3-2: Strikes out swinging
|
Batting: LHB Dan Lape
|
0-0: Foul Ball, location: 2F 0-1: Fly out, F6 (Popup, 4MD, EV 67.5 MPH)
|
Batting: RHB James Steinmetz
|
0-0: Called Strike 0-1: Foul Ball, location: 2F 0-2: Ball 1-2: Ball 2-2: SINGLE (Groundball, 56D, EV 107.5 MPH)
|
Pinch Hitting: LHB Miguel Quizhpi
|
0-0: Called Strike 0-1: Swinging Strike 0-2: Ball 1-2: Fly out, F7 (Flyball, 78S, EV 91.9 MPH)
|
Top of the 4th over - 0 runs, 1 hit, 0 errors, 1 left on base; Pennsylvania State University 3 - Wichita State University 0 |
BOTTOM OF THE 4TH |
Wichita State University Shockers batting - Pitching for Pennsylvania State University Nittany Lions : RHP Ryan Crawford
|
Now in LF: Joe Strachan
|
|
Batting: RHB Alex Zeledon
|
0-0: Swinging Strike 0-1: Swinging Strike 0-2: Ball 1-2: Ball 2-2: Strikes out swinging
|
Batting: RHB Byron Whitehead
|
0-0: Ground out 5-3 (Groundball, 56, EV 88.1 MPH)
|
Batting: LHB Carlos Flores
|
0-0: Ball 1-0: Ball 2-0: Called Strike 2-1: Foul Ball, location: 2F 2-2: Strikes out swinging
|
Bottom of the 4th over - 0 runs, 0 hits, 0 errors, 0 left on base; Pennsylvania State University 3 - Wichita State University 0 |
TOP OF THE 5TH |
Pennsylvania State University Nittany Lions batting - Pitching for Wichita State University Shockers : LHP Éric Duval
|
Now in RF: Peter Faggard
|
|
Batting: RHB Rob Hinojosa
|
0-0: Called Strike 0-1: Ground out 6-3 (Groundball, 6, EV 85.6 MPH)
|
Batting: RHB Victor Victorino
|
0-0: Ball 1-0: Ball 2-0: Called Strike 2-1: Foul Ball, location: 2F 2-2: Foul Ball, location: 2F 2-2: Ball 3-2: Ground out U3 (Groundball, 3, EV 85.0 MPH)
|
Batting: RHB Guy Jock
|
0-0: Ball 1-0: Called Strike 1-1: Ball 2-1: SOLO HOME RUN (Flyball, 9LD, EV 93.8 MPH), Distance : 337 ft
|
Pitching: RHP Ryan Chase
|
|
Pinch Hitting: RHB Josh Ebeling
|
0-0: Ball 1-0: Ball 2-0: Called Strike 2-1: Ball 3-1: Base on Balls
|
Batting: RHB Jesse Bandt
|
0-0: Fielders Choice at 2nd, 5-4 (Groundball, 56, EV 87.5 MPH)
|
Top of the 5th over - 1 run, 1 hit, 0 errors, 1 left on base; Pennsylvania State University 4 - Wichita State University 0 |
BOTTOM OF THE 5TH |
Wichita State University Shockers batting - Pitching for Pennsylvania State University Nittany Lions : RHP Ryan Crawford
|
Pitching: RHP David Cantu
|
|
Now at C: Pat Betancourt
|
|
Now at 1B: Josh Ebeling
|
|
Batting: RHB Jason Adelstein
|
0-0: Ball 1-0: Fly out, F3 (Popup, 3, EV 63.8 MPH)
|
Batting: LHB Troy Davies
|
0-0: Called Strike 0-1: Called Strike 0-2: Strikes out swinging
|
Batting: LHB Kyle Lee
|
0-0: Called Strike 0-1: Swinging Strike 0-2: Strikes out swinging
|
Bottom of the 5th over - 0 runs, 0 hits, 0 errors, 0 left on base; Pennsylvania State University 4 - Wichita State University 0 |
TOP OF THE 6TH |
Pennsylvania State University Nittany Lions batting - Pitching for Wichita State University Shockers : RHP Ryan Chase
|
Pitching: LHP Blake Gans
|
|
Now in LF: Bryan Palmer
|
|
Batting: RHB Perry Brantley
|
0-0: Ball 1-0: Swinging Strike 1-1: Ball 2-1: Foul Ball, location: 2F 2-2: Foul Ball, location: 2F 2-2: Strikes out swinging
|
Batting: RHB Pat Betancourt
|
0-0: Foul Ball, location: 2F 0-1: Foul Ball, location: 2F 0-2: Strikes out looking
|
Batting: RHB James Steinmetz
|
0-0: Foul Ball, location: 2F 0-1: Ball 1-1: Ground out 6-3 (Groundball, 6, EV 106.2 MPH)
|
Top of the 6th over - 0 runs, 0 hits, 0 errors, 0 left on base; Pennsylvania State University 4 - Wichita State University 0 |
BOTTOM OF THE 6TH |
Wichita State University Shockers batting - Pitching for Pennsylvania State University Nittany Lions : RHP David Cantu
|
Batting: RHB Jeff Grant
|
0-0: Ball 1-0: Ground out U3 (Groundball, 3, EV 78.8 MPH)
|
Batting: SHB Mike Chafe
|
0-0: Ball 1-0: Called Strike 1-1: SINGLE (Line Drive, 89S, EV 104.4 MPH)
|
Batting: RHB Jordan Carr
|
0-0: Called Strike 0-1: Called Strike 0-2: Ball 1-2: Strikes out swinging
|
Pitching: RHP Hector Guzman
|
|
Batting: RHB Kyle Gill
|
0-0: Ball 1-0: Ball 2-0: Called Strike 2-1: Called Strike 2-2: Ball 3-2: SINGLE (Groundball, 4MS, EV 83.1 MPH) (infield hit) Mike Chafe to second
|
Batting: RHB Byron Whitehead
|
0-0: Called Strike 0-1: Swinging Strike 0-2: Foul Ball, location: 2F 0-2: Foul Ball, location: 2F 0-2: Foul Ball, location: 2F 0-2: Ball 1-2: Foul Ball, location: 2F 1-2: Ball 2-2: Fielders Choice at 2nd, 6-4 (Groundball, 6, EV 97.5 MPH)
|
Bottom of the 6th over - 0 runs, 2 hits, 0 errors, 2 left on base; Pennsylvania State University 4 - Wichita State University 0 |
TOP OF THE 7TH |
Pennsylvania State University Nittany Lions batting - Pitching for Wichita State University Shockers : LHP Blake Gans
|
Pitching: LHP Jacob Seymour
|
|
Now at C: Larry Hogue
|
|
Batting: RHB Joe Strachan
|
0-0: DOUBLE (Line Drive, 78D, EV 107.5 MPH)
|
Batting: RHB Rob Hinojosa
|
0-0: Called Strike 0-1: Ball 1-1: Fly out, F9 (Flyball, 89S, EV 88.1 MPH)
|
Batting: RHB Victor Victorino
|
0-0: Ball 1-0: Ground out U3 (Groundball, 34S, EV 85.0 MPH) Joe Strachan to third
|
Batting: RHB Preki Nedic
|
0-0: Foul Ball, location: 2F 0-1: Ground out 5-3 (Groundball, 56, EV 103.1 MPH)
|
Top of the 7th over - 0 runs, 1 hit, 0 errors, 1 left on base; Pennsylvania State University 4 - Wichita State University 0 |
BOTTOM OF THE 7TH |
Wichita State University Shockers batting - Pitching for Pennsylvania State University Nittany Lions : RHP Hector Guzman
|
Pitching: RHP Velimir Danicic
|
|
Batting: SHB Peter Faggard
|
0-0: Called Strike 0-1: Foul Ball, location: 2F 0-2: Ball 1-2: Ball 2-2: Ball 3-2: Base on Balls
|
Batting: RHB Bryan Palmer
|
0-0: Fly out, F9 (Flyball, 89M, EV 80.0 MPH)
|
Batting: LHB Troy Davies
|
0-0: Ball Peter Faggard steals 2nd base 1-0: Ball 2-0: Fly out, F8 (Flyball, 8RM, EV 88.8 MPH) Runner from 2nd tags up, SAFE at 3rd with throw by CF
|
Batting: LHB Kyle Lee
|
0-0: Ball 1-0: Ball 2-0: Called Strike 2-1: Ground out 5-3 (Groundball, 25, EV 84.4 MPH)
|
Bottom of the 7th over - 0 runs, 0 hits, 0 errors, 1 left on base; Pennsylvania State University 4 - Wichita State University 0 |
TOP OF THE 8TH |
Pennsylvania State University Nittany Lions batting - Pitching for Wichita State University Shockers : LHP Jacob Seymour
|
Batting: RHB Josh Ebeling
|
0-0: Called Strike 0-1: Ball 1-1: Ball 2-1: Foul Ball, location: 2F 2-2: SOLO HOME RUN (Line Drive, 7LD, EV 106.2 MPH), Distance : 388 ft
|
Pinch Hitting: RHB Francisco Velazquez
|
0-0: Foul Ball, location: 2F 0-1: Called Strike 0-2: Strikes out looking
|
Batting: RHB Perry Brantley
|
0-0: Ball 1-0: Ball 2-0: Swinging Strike 2-1: Ball 3-1: Base on Balls
|
Pitching: RHP Keith Wilder
|
|
Batting: RHB Pat Betancourt
|
0-0: Called Strike Perry Brantley steals 2nd base 0-1: Foul Ball, location: 2F 0-2: Ball 1-2: Ball 2-2: Strikes out looking
|
Batting: RHB James Steinmetz
|
0-0: Ball 1-0: Ball 2-0: Ball 3-0: Called Strike 3-1: Called Strike 3-2: Base on Balls
|
Batting: RHB Joe Strachan
|
0-0: Ball 1-0: Called Strike 1-1: Called Strike 1-2: Fly out, F8 (Flyball, 78D, EV 93.1 MPH)
|
Top of the 8th over - 1 run, 1 hit, 0 errors, 2 left on base; Pennsylvania State University 5 - Wichita State University 0 |
BOTTOM OF THE 8TH |
Wichita State University Shockers batting - Pitching for Pennsylvania State University Nittany Lions : RHP Velimir Danicic
|
Now at 2B: Francisco Velazquez
|
|
Pinch Hitting: RHB Chad Starnes
|
0-0: Ball 1-0: Foul Ball, location: 2F 1-1: Ball 2-1: Ball 3-1: Base on Balls
|
Batting: RHB Larry Hogue
|
0-0: Swinging Strike 0-1: DOUBLE (Line Drive, 9LM, EV 111.9 MPH) Chad Starnes to third
|
Pitching: LHP Jeremy Bravo
|
|
Pinch Hitting: RHB Lucio Baratta
|
0-0: Ball 1-0: Foul Ball, location: 2F 1-1: Foul Ball, location: 2F 1-2: Ball 2-2: Ball 3-2: Strikes out looking
|
Batting: RHB Kyle Gill
|
0-0: Fly out, F7 (Line Drive, 7, EV 93.8 MPH) Runner from 3rd tags up, SCORES, throw by LF
|
Batting: RHB Byron Whitehead
|
0-0: Called Strike 0-1: Ball 1-1: Ball 2-1: Ball 3-1: Foul Ball, location: 2F 3-2: Foul Ball, location: 2F 3-2: Foul Ball, location: 2F 3-2: Fly out, F7 (Flyball, 78S, EV 97.5 MPH)
|
Bottom of the 8th over - 1 run, 1 hit, 0 errors, 1 left on base; Pennsylvania State University 5 - Wichita State University 1 |
TOP OF THE 9TH |
Pennsylvania State University Nittany Lions batting - Pitching for Wichita State University Shockers : RHP Keith Wilder
|
Pitching: RHP Paul McFarland
|
|
Now at 1B: Lucio Baratta
|
|
Now at 3B: Chad Starnes
|
|
Batting: RHB Rob Hinojosa
|
0-0: Ball 1-0: Ball 2-0: Ball 3-0: Called Strike 3-1: Called Strike 3-2: Base on Balls
|
Batting: RHB Victor Victorino
|
0-0: Called Strike 0-1: Fly out, F8 (Flyball, 89D, EV 97.5 MPH)
|
Batting: RHB Preki Nedic
|
0-0: Called Strike 0-1: Ball 1-1: Grounds into double play, 2-6-3 (Groundball, 2R, EV 68.1 MPH)
|
Top of the 9th over - 0 runs, 0 hits, 0 errors, 0 left on base; Pennsylvania State University 5 - Wichita State University 1 |
BOTTOM OF THE 9TH |
Wichita State University Shockers batting - Pitching for Pennsylvania State University Nittany Lions : LHP Jeremy Bravo
|
Pitching: RHP Melvin Nambo
|
|
Batting: SHB Peter Faggard
|
0-0: Ball 1-0: Fly out, F7 (Flyball, 7D, EV 95.6 MPH)
|
Pinch Hitting: LHB Greg Burton
|
0-0: Ball 1-0: Called Strike 1-1: Fly out, F5 (Popup, 5SF, EV 72.5 MPH)
|
Batting: LHB Troy Davies
|
0-0: Ball 1-0: Ball 2-0: Ground out 4-3 (Groundball, 4, EV 86.9 MPH)
|
Bottom of the 9th over - 0 runs, 0 hits, 0 errors, 0 left on base; Pennsylvania State University 5 - Wichita State University 1 |
|